 Dungeon Crawl Stone Soup version 0.20.0-15-g7f486f2 (webtiles) character file.

366 dobroeutro the Chopper (level 6, -7/47 HPs)
             Began as a Demonspawn Fighter on June 17, 2017.
             Mangled by an ogre
             ... wielding a +0 giant spiked club
              (10 damage)
             ... on level 4 of the Dungeon.
             The game lasted 00:03:42 (3099 turns).

dobroeutro the Chopper (Demonspawn Fighter)         Turns: 3099, Time: 00:03:43

Health: -7/47      AC: 10    Str: 18    XL:     6   Next: 40%
Magic:  6/6        EV:  7    Int: 10    God:
Gold:   153        SH:  9    Dex: 12    Spells: 5/5 levels left

rFire    . . .     SeeInvis .   a - +0 war axe
rCold    . . .     Gourm    .   c - +0 shield
rNeg     . . .     Faith    .   b - +0 scale mail
rPois    .         Spirit   .   (no helmet)
rElec    .         Reflect  .   t - +0 cloak
rCorr    .         Harm     .   (no gloves)
MR       .....                  (no boots)
Stlth    ..........             (no amulet)
Regen    0.2/turn               (no ring)
MPRegen  0.1/turn               (no ring)

@: no status effects
A: talons 1, slimy green scales 1, rot immunity
a: no special abilities


You were on level 4 of the Dungeon.
You were hungry.

You visited 1 branch of the dungeon, and saw 4 of its levels.

You collected 153 gold pieces.

Inventory:

Hand Weapons
 a - a +0 war axe (weapon)
Armour
 b - a +0 scale mail (worn)
 c - a +0 shield (worn)
 t - a +0 cloak (worn)
Jewellery
 p - an uncursed amulet of rage {unknown}
Wands
 r - a wand of digging (15/24)
 s - a wand of polymorph (6/24)
Scrolls
 e - a scroll of enchant armour {unknown}
 h - 2 scrolls of recharging {unknown}
 j - 2 scrolls of identify {unknown}
 k - a scroll of remove curse {unknown}
 n - a scroll of magic mapping {unknown}
 o - 4 scrolls of enchant weapon {unknown}
 q - a scroll of teleportation {unknown}
 v - a scroll of blinking {unknown}
Potions
 d - a potion of might
 g - 2 potions of heal wounds {unknown}
 i - 3 potions of agility {unknown}
 m - a potion of berserk rage {unknown}
Comestibles
 f - 2 bread rations
 l - a fruit
 u - a meat ration


   Skills:
 + Level 3.6 Fighting
 + Level 4.8 Axes
 + Level 3.2 Armour
 + Level 1.4 Dodging
 + Level 3.4 Shields


You had 5 spell levels left.
You didn't know any spells.

Dungeon Overview and Level Annotations

Branches:
Dungeon (4/15)
 Temple: D:4-7

Altars:
Elyvilon
Gozag
Kikubaaqudgha
Sif Muna
Vehumet
Zin


Innate Abilities, Weirdness & Mutations

You have sharp toenails.
You are partially covered in slimy green scales. (AC +2)
You are immune to rotting.


Message History

The ogre is moderately wounded.
You block the ogre's attack.
You slash the ogre! You claw the ogre, but do no damage.
The ogre is severely wounded.
The ogre closely misses you.
You hit the ogre. You claw the ogre, but do no damage.
The ogre is almost dead.
The ogre barely misses you.
You barely miss the ogre. You claw the ogre.
The ogre is almost dead.
The ogre hits you with a giant spiked club!!
* * * LOW HITPOINT WARNING * * *
Your shield and scale mail prevent you from hitting the ogre.
You claw the ogre, but do no damage.
The ogre is almost dead.
You block the ogre's attack.
You hit the ogre. You claw the ogre, but do no damage.
The ogre is almost dead.
The ogre hits you with a giant spiked club!
You die...

#.# #..####.# #.# ##.##
#####..####.# #.# #...#
##.........#.# #.#
###...####.......##.#.# #.#
#.......#.............### #.#
#.......(...............# #.#
#.......#.......###.###.####.#
###...####.....O# #..........#
#...# ##...#@# #####.######
##### #####.#######.#
#.........# #.######### #<#
#.# #.# #.# ...


You could see an ogre.

Vanquished Creatures
  Sigmund (D:3)
  An orc wizard (D:3)
  3 gnolls (D:2)
  6 adders
  2 oozes
  An adder skeleton (D:4)
  3 worms
  A dart slug (D:1)
  3 leopard geckos
  5 orcs (D:3)
  2 giant cockroaches
  9 goblins
  11 hobgoblins
  A quokka (D:2)
  2 ball pythons (D:2)
  8 bats
  4 frilled lizards
  A kobold (D:3)
  8 rats
72 creatures vanquished.

Notes
Turn   | Place    | Note
-------+----------+-------------------------------------------
     0 | D:1      | dobroeutro the Demonspawn Fighter began the quest for the Orb.
     0 | D:1      | Reached XP level 1. HP: 18/18 MP: 1/1
    36 | D:1      | Reached skill level 2 in Axes
   257 | D:1      | Gained mutation: You are partially covered in slimy green scales. (AC +2) [demonic ancestry]
   257 | D:1      | Reached XP level 2. HP: 22/24 MP: 2/2
   750 | D:1      | Reached skill level 3 in Axes
   778 | D:2      | Reached XP level 3. HP: 15/29 MP: 3/3
  1083 | D:2      | Found a radiant altar of Vehumet.
  1093 | D:2      | Found an ancient bone altar of Kikubaaqudgha.
  1093 | D:2      | Found a deep blue altar of Sif Muna.
  1106 | D:2      | Identified Sif Muna's Grimoire of Moulding
  1138 | D:2      | Reached XP level 4. HP: 29/35 MP: 4/4
  1228 | D:2      | Reached skill level 4 in Axes
  1346 | D:2      | Found a faded altar of an unknown god.
  2371 | D:3      | Gained mutation: You have sharp toenails. [demonic ancestry]
  2371 | D:3      | Reached XP level 5. HP: 32/41 MP: 5/5
  2549 | D:3      | Found a white marble altar of Elyvilon.
  2549 | D:3      | Found an opulent altar of Gozag.
  2553 | D:3      | Found a glowing silver altar of Zin.
  2682 | D:3      | Noticed Sigmund
  2691 | D:3      | Killed Sigmund
  2691 | D:3      | Reached skill level 1 in Dodging
  2691 | D:3      | Gained mutation: You are immune to rotting. [demonic ancestry]
  2691 | D:3      | Reached XP level 6. HP: 41/47 MP: 6/6
  3088 | D:4      | HP: 2/47 [ogre/giant spiked club (23)]
  3099 | D:4      | Mangled by an ogre

Skill      XL: |  1  2  3  4  5 |
---------------+----------------+-----
Axes           | 2 3 4 |  4.8
Shields        | 3 |  3.4
Armour         | 3 |  3.2
Dodging        | 1 |  1.4
Fighting       | |  3.6

Action                   |  1- 3 |  4- 6 || total
-------------------------+-------+-------++-------
Melee: War axe           |   110 |   170 ||   280
       Kick              |       |    21 ||    21
  Eat: Chunk             |     1 |     6 ||     7
Armor: Scale mail        |    67 |    76 ||   143
Dodge: Dodged            |    40 |    41 ||    81
Block: Shield            |    54 |    77 ||   131
